AoeStats
← 流光

MegaRandom

507496286Analyzed
4v4 RM · 14d ago on Sep 18, 2026· 43m 58s· 8 players
Game mode
Random Map
Map size
Large (8 player)
Population
200
Speed
Normal
Resources
Standard
Victory
Conquest
Starting age
Dark Age
Ending age
Imperial Age
RankedLock teamsTeams togetherTeam positionsShared explorationLock speedFull tech treeHidden civsTurbo modeCheats
Victory
Defeat
🇮🇹 Bengalis · Italy
1288
+15
🇹🇼 Wei · Taiwan
1280
+16
🇫🇷 Khmer · France
1254
+17
🇨🇳 Magyars · China
1243
+17
🇨🇳 Ethiopians · China
1385
-20
🇨🇳 Mongols · China
1362
-19
🇨🇳 Khitans · China
1362
-20
🇨🇳 Huns · China
986
-18
yoooo147
7:37 Loom
9:54 Feudal Age
13:36 Double-Bit Axe
13:59 Fletching
18:46 Horse Collar
24:25 Castle Age
24:15 Gold Mining
24:15 Stone Mining
25:05 Bodkin Arrow
25:56 Padded Archer Armor
28:22 Bloodlines
28:12 Husbandry
31:34 Bow Saw
33:37 Heavy Plow
36:41 Ballistics
43:47 Imperial Age
42:58 Wheelbarrow
安逸
7:48 Loom
10:58 Feudal Age
11:37 Double-Bit Axe
12:22 Horse Collar
19:00 Castle Age
28:08 Gold Mining
34:01 Bloodlines
33:52 Husbandry
36:21 Wheelbarrow
38:36 Stone Mining
41:27 Imperial Age
42:51 Cavalier
44:05 Scale Barding Armor
Psychedelonaut
9:34 Loom
11:38 Feudal Age
14:50 Castle Age
13:19 Double-Bit Axe
16:45 Wheelbarrow
23:59 Town Watch
24:59 Forging
25:46 Scale Barding Armor
27:00 Horse Collar
27:58 Iron Casting
28:44 Bloodlines
29:54 Chain Barding Armor
30:47 Heavy Plow
31:59 Husbandry
32:37 Bow Saw
33:28 Fletching
37:25 Imperial Age
35:04 Tusk Swords
35:26 Bodkin Arrow
37:28 Elite Battle Elephant
39:10 Blast Furnace
38:45 Plate Barding Armor
39:32 Conscription
lillithadam20
11:22 Feudal Age
12:22 Loom
15:13 Castle Age
13:02 Horse Collar
13:15 Double-Bit Axe
18:48 Bow Saw
25:40 Fletching
26:16 Fletching
26:37 Forging
26:31 Horse Collar
28:35 Bodkin Arrow
36:18 Imperial Age
34:42 Padded Archer Armor
35:05 Ballistics
36:02 Leather Archer Armor
36:04 Gold Mining
37:10 Bracer
38:34 Chemistry
38:51 Paiks
39:10 Conscription
38:24 Elite Ratha (Ranged)
40:52 Siege Elephant
42:45 Ring Archer Armor
41:57 Treadmill Crane
42:27 Masonry
42:23 Siege Engineers
极地沙尘暴
10:25 Feudal Age
9:19 Loom
11:00 Double-Bit Axe
16:59 Domestication
20:31 Castle Age
20:36 Scale Barding Armor
20:42 Forging
21:50 Bow Saw
23:03 Pastoralism
23:53 Iron Casting
26:13 Wheelbarrow
28:48 Iron Casting
28:33 Chain Barding Armor
29:56 Husbandry
30:47 Hand Cart
33:44 Town Watch
34:41 Gold Mining
37:29 Imperial Age
37:14 Lamellar Armor
37:51 Elite Steppe Lancer
39:16 Plate Barding Armor
39:08 Conscription
流光
7:24 Loom
9:52 Feudal Age
22:30 Castle Age
22:35 Crossbowman
24:25 Thumb Ring
25:13 Fletching
27:28 Bodkin Arrow
35:15 Ballistics
剃刀割猪头
7:36 Loom
9:53 Feudal Age
10:51 Double-Bit Axe
13:20 Scale Barding Armor
14:50 Forging
16:09 Horse Collar
20:02 Castle Age
18:50 Gold Mining
19:37 Bloodlines
20:10 Light Cavalry
25:40 Iron Casting
29:11 Husbandry
33:19 Wheelbarrow
39:06 Hand Cart
39:51 Bow Saw
43:35 Imperial Age
41:21 Fletching
43:04 Chain Barding Armor
通共大将军
10:48 Feudal Age
11:44 Double-Bit Axe
18:55 Castle Age
20:11 Bloodlines
20:46 Husbandry
21:10 Stone Mining
21:35 Bow Saw
23:49 Gold Mining
26:26 Horse Collar
29:03 Gold Shaft Mining
28:31 Heavy Plow
32:50 Scale Barding Armor
32:56 Forging
33:11 Marauders
33:11 Pikeman
43:11 Iron Casting
42:58 Chain Barding Armor
Connection lost

Rejoining the realm…

Still unreachable

The connection could not be restored.

Session expired

The server has moved on; the page needs a fresh start.